 Dungeon Crawl Stone Soup version 0.28-a0-1493-g08698888e4 (webtiles) character file.

Game seed: 9548702255364393196

763 mopl the Sneak (level 7, -1/45 HPs)
             Began as an Octopode Brigand on Jan 12, 2022.
             Was a Priest of Cheibriados.
             Slain by a centaur warrior zombie (4 damage)
             ... on level 5 of the Dungeon.
             The game lasted 00:06:37 (4205 turns).

mopl the Sneak (Octopode Brigand)                   Turns: 4205, Time: 00:06:39

Health: -1/45      AC:  1    Str: 18    XL:     7   Next: 81%
Magic:  10/10      EV: 13    Int: 22    God:    Cheibriados [***...]
Gold:   171        SH:  0    Dex: 20    Spells: 4/10 levels left

rFire   . . .      SeeInvis .   a - +0 broad axe
rCold   . . .      Faith    .   (no shield)
rNeg    . . .      Spirit   .   (helmet restricted)
rPois   .          Reflect  .   (no amulet)
rElec   .          Harm     .   (no ring)
rCorr   .          Rampage  .   (no ring)
Will    .....                   (no ring)
Stlth   +++++.....              (no ring)
HPRegen 0.15/turn               (no ring)
MPRegen 0.12/turn               (no ring)
                                (no ring)
                                (no ring)

@: very slow
A: almost no armour, amphibious, 8 rings, camouflage 1, gelatinous body 1,
(nimble swimmer 1), tentacles
a: Renounce Religion, Bend Time, Temporal Distortion


You were on level 5 of the Dungeon.
You worshipped Cheibriados.
Cheibriados was most pleased with you.
You visited 1 branch of the dungeon, and saw 5 of its levels.

You collected 171 gold pieces.

Inventory:

Hand Weapons
 a - a +0 broad axe (weapon)
 b - a +0 hunting sling
Missiles
 c - 2 curare-tipped darts
 e - 97 stones
 f - 2 javelins
 i - 8 poisoned darts (quivered)
 x - 6 boomerangs
 y - 21 sling bullets
Armour
 m - a +2 tower shield
Wands
 u - a wand of acid (5)
 v - a wand of flame (17)
Scrolls
 g - a scroll of noise {unknown}
 h - 2 scrolls of blinking {unknown}
 j - 2 scrolls of vulnerability {unknown}
 k - 2 scrolls of magic mapping {unknown}
 l - a scroll of amnesia {unknown}
 n - a scroll of summoning {unknown}
 p - a scroll of acquirement {unknown}
 q - 2 scrolls of enchant armour {unknown}
 s - a scroll of identify {unknown}
 t - a scroll of teleportation {unknown}
 w - a scroll of brand weapon {unknown}
Potions
 d - a potion of haste {unknown}
 o - 3 potions of might {unknown}
 r - a potion of lignification {unknown}


   Skills:
 - Level 2.0 Fighting
 - Level 2.0 Short Blades
 + Level 3.5 Throwing
 - Level 1.0 Dodging
 - Level 6.1 Stealth
 + Level 2.1 Shields
 * Level 3.8 Unarmed Combat
 + Level 2.1 Spellcasting
 * Level 3.7 Transmutations
 + Level 1.7 Poison Magic
 + Level 2.4 Invocations


You had 4 spell levels left.
You knew the following spells:

 Your Spells              Type           Power      Damage    Failure   Level
a - Beastly Appendage     Tmut           36%        N/A       3%          1
b - Spider Form           Tmut/Pois      14%        N/A       13%         3
w - Wereblood             Tmut           18%        N/A       4%          2

Your spell library contained the following spells:

 Spells                   Type           Power      Damage    Failure   Level
 Passage of Golubria      Tloc           2%         N/A       80%         4
 Silence                  Hex/Air        1%         N/A       98%         5
 Lehudib's Crystal Spear  Conj/Erth      1%         10d2      100%        8


Dungeon Overview and Level Annotations

Branches:
Dungeon (5/15)             Temple (0/1) D:4

Altars:
Cheibriados

Annotations:
D:2 rF
D:4 3 runed translucent doors, DrClinical's ghost, amateur BaAM


Innate Abilities, Weirdness & Mutations

You cannot wear most types of armour.
You are amphibious.
You can wear up to eight rings at the same time.
Your skin changes colour to match your surroundings (Stealth+).
Your rubbery body absorbs attacks. (AC +1, EV +1)
((You are camouflaged when in or above water. (Stealth+)))
You have tentacles for arms and can constrict up to eight enemies at once.


Message History

Things that are here:
a +0 dagger; a +0 chain mail; an orc corpse
i - 6 poisoned darts (gained 1)
i - 7 poisoned darts (gained 1)
Things that are here:
a +0 dagger; a +0 chain mail; an orc corpse
i - 8 poisoned darts (gained 1)
Found a stone staircase leading down.
x - 6 boomerangs (gained 3)
You see here 20 bolts.
You now have 171 gold pieces (gained 8).
You pick up a book of the Moon and begin reading...
You add the spells Passage of Golubria, Silence and Lehudib's Crystal Spear to your library.
A centaur warrior zombie comes into view.
No target in view!
A centaur warrior zombie is nearby!
A centaur warrior zombie is nearby!
No target in view!
No target in view!
A centaur warrior zombie is nearby!
No target in view!
A centaur warrior zombie is nearby!
No target in view!
No target in view!
The centaur warrior zombie hits you. The centaur warrior zombie misses you.
The centaur warrior zombie hits you!
The centaur warrior zombie barely misses you.
You hit the centaur warrior zombie. You squeeze the centaur warrior zombie.
The centaur warrior zombie is lightly damaged.
The centaur warrior zombie barely misses you.
The centaur warrior zombie kicks you but does no damage.
The centaur warrior zombie hits you. The centaur warrior zombie kicks you.
You barely miss the centaur warrior zombie.
You squeeze the centaur warrior zombie.
The centaur warrior zombie is lightly damaged.
The centaur warrior zombie hits you! The centaur warrior zombie kicks you.
The centaur warrior zombie hits you!
* * * LOW HITPOINT WARNING * * *
The centaur warrior zombie kicks you.
You die...

.........).....#.##.
#..##................
.#..................
####...............
##........#.......
#.........#.......
##.........#....##
#.....#.##...=...#
........#.##..##@...#..
.......##.###.#.Z##.#
......# ..# #./... #
.##... ............
#..####.####.......
.... .. ........# ...
##.......# ...##....


You could see a centaur warrior zombie.

Vanquished Creatures
  3 ogres (D:5)
  2 phantoms (D:5)
  A hound (D:5)
  An orc priest (D:4)
  Ijyb (D:3)
  Jessica (D:3)
  Natasha (thrice) (D:3)
  A killer bee zombie (D:5)
  A hound skeleton (D:4)
  Robin (D:2)
  6 adders
  An adder skeleton (D:2)
  3 worms
  2 dart slugs (D:1)
  4 orcs
  3 endoplasms (D:1)
  2 giant cockroaches
  10 goblins
  8 hobgoblins
  3 kobolds
  6 quokkas
  4 ball pythons
  4 bats (D:1)
  3 frilled lizards
  7 rats
81 creatures vanquished.

Vanquished Creatures (others)
  An endoplasm (D:2)
  A goblin (D:2)
2 creatures vanquished.

Grand Total: 83 creatures vanquished

Notes
Turn   | Place    | Note
-------+----------+-------------------------------------------
     0 | D:1      | mopl the Octopode Brigand began the quest for the Orb.
     0 | D:1      | Reached XP level 1. HP: 14/14 MP: 1/1
   302 | D:1      | Reached XP level 2. HP: 19/19 MP: 2/2
   317 | D:1      | Reached skill level 6 in Stealth
   336 | D:1      | Learned a level 1 spell: Beastly Appendage
   661 | D:1      | Found a faded altar of an unknown god.
   669 | D:1      | Prayed at the altar of an unknown god.
   669 | D:1      | Became a worshipper of Cheibriados the Contemplative
   669 | D:1      | Reached * piety under Cheibriados
   696 | D:1      | Reached XP level 3. HP: 15/24 MP: 3/3
  1033 | D:2      | Noticed Robin
  1044 | D:1      | Reached skill level 1 in Unarmed Combat
  1310 | D:1      | Reached skill level 1 in Transmutations
  1369 | D:1      | Reached ** piety under Cheibriados
  1444 | D:2      | Killed Robin
  1445 | D:2      | Reached XP level 4. HP: 28/29 MP: 4/4
  2152 | D:2      | Reached skill level 1 in Spellcasting
  2221 | D:2      | Learned a level 2 spell: Wereblood
  2452 | D:3      | Noticed Jessica
  2462 | D:3      | Killed Jessica
  2463 | D:3      | Reached skill level 2 in Unarmed Combat
  2463 | D:3      | Reached skill level 2 in Transmutations
  2463 | D:3      | Reached XP level 5. HP: 34/34 MP: 6/6
  2509 | D:3      | Noticed Ijyb
  2519 | D:3      | Killed Ijyb
  2520 | D:3      | Reached skill level 1 in Invocations
  3016 | D:3      | Noticed Natasha
  3023 | D:3      | Killed Natasha
  3292 | D:3      | Noticed Natasha
  3313 | D:3      | Killed Natasha
  3314 | D:3      | Reached XP level 6. HP: 35/39 MP: 6/8
  3472 | D:3      | Noticed Natasha
  3480 | D:3      | Killed Natasha
  3481 | D:3      | Reached skill level 1 in Shields
  3562 | D:4      | Reached *** piety under Cheibriados
  3626 | D:4      | Found a staircase to the Ecumenical Temple.
  3635 | D:4      | Reached skill level 3 in Throwing
  3663 | D:4      | Found a runed translucent gate.
  3663 | D:4      | Found a runed translucent gate.
  3664 | D:4      | Found a runed translucent gate.
  3666 | D:4      | Noticed DrClinical's ghost (amateur BaAM)
  3929 | D:5      | Entered Level 5 of the Dungeon
  3938 | D:4      | Learned a level 3 spell: Spider Form
  3951 | D:5      | Reached skill level 3 in Unarmed Combat
  3960 | D:5      | Reached skill level 3 in Transmutations
  3960 | D:5      | Reached skill level 2 in Invocations
  3960 | D:5      | Reached XP level 7. HP: 40/45 MP: 5/9
  3979 | D:5      | Reached skill level 1 in Poison Magic
  3994 | D:5      | Reached skill level 2 in Spellcasting
  4010 | D:5      | Reached skill level 2 in Shields
  4205 | D:5      | Slain by a centaur warrior zombie

Illustrated notes

Levels and vault maps discovered:
D:1:      minmay_arrival_wavy_path, layout_loops_ring,
          ebering_ecumenical_altar_abandoned, chequers_jeans
D:2:      layout_rooms, lemuel_flame_loot_1, uniq_robin
D:3:      layout_basic, uniq_ijyb, uniq_jessica, uniq_natasha
D:4:      layout_rooms, minmay_temple_entry_proselytizer,
          gammafunk_ghost_necromancy
D:5:      layout_rooms, serial_shops, nicolae_shop_advertising_works
          [nicolae_subvault_shop_adworks], shop, shop, shop, shop

Skill      XL: |  1  2  3  4  5  6  7 |
---------------+----------------------+-----
Stealth        | 6 |  6.1
Unarmed Combat | 1 2 3 |  3.8
Transmutations | 1 2 3 |  3.7
Spellcasting   | 1 2 |  2.1
Invocations    | 1 2 |  2.4
Shields        | 1 2 |  2.1
Throwing       | 3 |  3.5
Poison Magic   | 1 |  1.7
Fighting       | |  2.0
Short Blades   | |  2.0
Dodging        | |  1.0

Action                   |  1- 3 |  4- 6 |  7- 9 || total
-------------------------+-------+-------+-------++-------
Melee: Dagger            |    14 |       |       ||    14
       Tentacles         |     4 |    15 |     3 ||    22
       Constrict         |     7 |    19 |       ||    26
       Unarmed           |     9 |    11 |    30 ||    50
       Broad axe         |    26 |    67 |     5 ||    98
       Punch             |       |     2 |       ||     2
Throw: Dart              |       |       |     4 ||     4
 Cast: Spider Form       |       |     1 |     2 ||     3
       Wereblood         |       |     1 |       ||     1
 Stab: Sleeping          |    10 |    11 |     1 ||    22
       Distracted        |       |     2 |       ||     2
Armor: Skin              |    12 |     2 |     4 ||    18
Dodge: Dodged            |    55 |    48 |    25 ||   128

Table legend: (Time is in decaauts)
 A = Elapsed time spent in this place.
 B = Non-inter-level travel time spent in this place.
 C = Inter-level travel time spent in this place.
 D = Time resting spent in this place.
 E = Time spent auto-exploring this place.
 F = Levels seen in this place.
 G = Mean time per level.
                   A        B        C        D        E       F      G
               +--------+--------+--------+--------+--------+-----+--------+
         Total |   5351 |   4964 |    387 |   1334 |   2782 |   5 | 1070.2 |
       Dungeon |   5351 |   4964 |    387 |   1334 |   2782 |   5 | 1070.2 |
               +--------+--------+--------+--------+--------+-----+--------+

Top non-repeatable levels by time:
     D:3: 1611 daAuts
     D:1: 1540 daAuts
     D:2: 1225 daAuts
     D:4: 647 daAuts
     D:5: 326 daAuts
